 Dungeon Crawl Stone Soup version 0.28.0-43-g3370ac3207 (webtiles) character file.

Game seed: 17451554794196602921

5573 silky the Basher (level 10, -4/90 HPs)
             Began as a Minotaur Chaos Knight on Mar 30, 2022.
             Was a Plaything of Xom.
             Slain by an orc warrior
             ... wielding a +0 glaive
              (6 damage)
             ... on level 9 of the Dungeon.
             The game lasted 00:28:05 (7990 turns).

silky the Basher (Minotaur Chaos Knight)            Turns: 7990, Time: 00:28:05

Health: -4/90      AC: 18    Str: 22    XL:     10   Next: 44%
Magic:  17/17      EV:  9    Int: 13    God:    Xom [..*...]
Gold:   483        SH:  0    Dex: 10    Spells: 5/9 levels left

rFire   . . .      SeeInvis .   q - +8 long sword of Imminent Death {drain, rCorr}
rCold   x . .      Faith    .   (no shield)
rNeg    + + .      Spirit   .   z - +1 chain mail of the Cooper {rN++ Str+3}
rPois   +          Reflect  .   n - +2 hat
rElec   .          Harm     .   s - +0 cloak of the Garden {+Inv rPois rC- Slay+6}
rCorr   +          Rampage  .   (no gloves)
Will    +....                   E - +2 pair of boots
Stlth   ..........              x - amulet of magic regeneration
HPRegen 0.25/turn               e - ring of magical power
MPRegen 0.55/turn               C - ring of willpower

@: mighty, lethally poisoned (-4 -> -10), mesmerised, studying Slings
A: horns 2, retaliatory headbutt, clever 1, low MP 1, mutation resistance 1
a: Renounce Religion, Evoke Invisibility


You were on level 9 of the Dungeon.
You worshipped Xom.
You were a toy of Xom.
You visited 1 branch of the dungeon, and saw 9 of its levels.

You collected 483 gold pieces.

Inventory:

Hand Weapons
 q - the +8 long sword of Imminent Death (weapon) {drain, rCorr}
   (You found it on level 6 of the Dungeon)

   A truly terrible weapon, it drains the life of any living foe it strikes.
   rCorr:     It protects you from acid and corrosion.
 r - a +5 hand axe of draining
 B - a +2 demon blade of electrocution
Missiles
 k - 2 throwing nets (quivered)
Armour
 n - a +2 hat (worn)
 s - the +0 cloak of the Garden (worn) {+Inv rPois rC- Slay+6}
   (You found it on level 3 of the Dungeon)

   Slay:      It affects your accuracy & damage with ranged weapons and melee
   (+6).
   rC:        It makes you vulnerable to cold.
   rPois:     It protects you from poison.
   +Inv:      It lets you turn invisible.
 z - the +1 chain mail of the Cooper (worn) {rN++ Str+3}
   (You found it on level 6 of the Dungeon)

   Str:       It affects your strength (+3).
   rN:        It greatly protects you from negative energy.
 E - a +2 pair of boots (worn)
Jewellery
 e - a ring of magical power (left hand)
 x - an amulet of magic regeneration (around neck)
 C - a ring of willpower (right hand)
Wands
 c - a wand of polymorph (1)
 j - a wand of paralysis (2)
 l - a wand of iceblast (19)
 o - a wand of flame (37)
 t - a wand of digging (6)
Scrolls
 g - 4 scrolls of teleportation
 i - a scroll of torment
 m - a scroll of blinking
 y - a scroll of fear
 F - a scroll of enchant weapon
Potions
 a - a potion of degeneration
 b - a potion of cancellation
 d - a potion of flight
 h - a potion of might
 A - 3 potions of lignification
 D - 2 potions of attraction
Miscellaneous
 w - a box of beasts (inert)


   Skills:
 + Level 8.9 Fighting
 + Level 8.2 Long Blades
 + Level 10.3 Maces & Flails
 + Level 8.4 Armour
 + Level 5.2 Dodging
 + Level 2.6 Stealth
 + Level 1.6 Unarmed Combat
 + Level 1.7 Evocations


You had 5 spell levels left.
You knew the following spells:

 Your Spells              Type           Power      Damage    Failure   Level
a - Teleport Other        Tloc           0%         N/A       99%         3
b - Beastly Appendage     Tmut           0%         N/A       90%         1

Your spell library contained the following spells:

 Spells                   Type           Power      Damage    Failure   Level
 Animate Skeleton         Necr           0%         N/A       90%         1
 Apportation              Tloc           0%         N/A       90%         1
 Magic Dart               Conj           0%         1d3       90%         1
 Pain                     Necr           0%         1d4       90%         1
 Call Imp                 Summ           0%         N/A       97%         2
 Wereblood                Tmut           0%         N/A       97%         2
 Confusing Touch          Hex            0%         N/A       99%         3
 Gell's Gravitas          Tloc           0%         N/A       99%         3
 Mephitic Cloud           Conj/Pois/Air  0%         N/A       99%         3
 Spider Form              Tmut/Pois      0%         N/A       99%         3
 Vampiric Draining        Necr           0%         2d6       99%         3
 Alistair's Intoxication  Tmut/Pois      0%         N/A       100%        5
 Yara's Violent Unravell  Hex/Tmut       0%         3d3       100%        5
 Dispersal                Tloc           0%         N/A       100%        6
 Enfeeble                 Hex            0%         N/A       100%        7


Dungeon Overview and Level Annotations

Branches:
Dungeon (9/15)             Temple (0/1) D:4            Lair (0/6) D:9
    Orc: D:9-12

Altars:
Ashenzari
Dithmenos
Fedhas
Gozag
Makhleb
Qazlal
Ru
Xom
The Shining One

Shops:
D:1 :   D:9 !

Annotations:
D:9 Maggie


Innate Abilities, Weirdness & Mutations

You have a pair of horns on your head.
You reflexively headbutt those who attack you in melee.
Your mind is acute. (Int +2)
Your magical capacity is low. (-10% MP)
You are somewhat resistant to further mutation.


Message History

* * * LOW HITPOINT WARNING * * *
Maggie barely misses you. You furiously retaliate!
You headbutt Maggie! Something hits you but does no damage.
You are lethally poisoned!
A yak comes into view.
There is a lethal amount of poison in your body!
You open the lid... ...and a larval oxfire beast leaps out!
The box is emptied!
* * * LOW HITPOINT WARNING * * *
You feel very sick.
The yak bellows!
The orc warrior misses you. Maggie hits you with a +0 war axe.
* * * LOW HITPOINT WARNING * * *
Something hits you but does no damage.
Okay, then.
Blink to where?
Press: ? - help, Dir - move target You cannot blink away from Maggie!
Blink to where?
Press: ? - help, Dir - move target You cannot blink away from Maggie!
Blink to where?
Press: ? - help, Dir - move target You cannot blink away from Maggie!
Blink to where?
Press: ? - help, Dir - move target, f - you
Okay, then.
Blink to where?
Press: ? - help, Dir - move target You cannot blink away from Maggie!
Blink to where?
Press: ? - help, Dir - move target
Okay, then.
Okay, then.
Okay, then.
You feel very mighty all of a sudden.
* * * LOW HITPOINT WARNING * * *
You feel sick.
The orc warrior hits you from afar with a +0 glaive.
You die...
Xom cackles wildly!

≈..≈≈≈.≈≈≈≈≈..#
#........#
≈≈.≈≈≈≈...#
######+###
...≈≈≈≈...#
.....≈≈≈..#
≈....≈≈≈..#
≈.....≈.≈.# .
≈.>.≈.≈≈..# ...
≈....≈≈≈..####.....
.≈.≈.≈≈≈≈.@@.......
≈≈≈≈≈≈≈..H{###.....
≈≈≈≈≈≈≈..o## ...
≈≈≈.YY≈S..# #
≈Y≈≈....≈.#
.≈.≈....≈.#
.≈........#
..........#
.#......###


You could see Maggie (mesmerising, drained), 2 yaks, an orc warrior (ally
target), an electric eel and a friendly larval oxfire beast (summoned).

Vanquished Creatures
  Pikel (D:5)
  Joseph (D:9)
  A troll (D:9)
  A wyvern (D:9)
  2 vampire mosquitoes (D:7)
  A water moccasin (D:8)
  3 black bears
  An orc warrior (D:9)
  An ice beast (D:6)
  2 necrophages
  2 wolves (D:9)
  2 ogres (D:5)
  A phantom (D:4)
  Blork the orc (D:5)
  3 bullfrogs
  A water moccasin zombie (D:6)
  18 killer bees
  4 wights (D:7)
  2 electric eels (D:9)
  2 centaur zombies
  3 bullfrog zombies
  6 hounds
  A bullfrog skeleton (D:5)
  A jelly (D:5)
  A gnoll shaman (D:7)
  2 orc priests
  A centaur skeleton (D:7)
  An iron imp (D:5)
  3 orc wizards
  Natasha (thrice) (D:3)
  5 iguanas
  A killer bee zombie (D:9)
  A hound skeleton (D:4)
  A howler monkey skeleton (D:5)
  6 adders
  A white imp (D:7)
  3 worms
  A dart slug (D:1)
  12 orcs
  4 bats
  5 endoplasms
  4 giant cockroaches
  11 hobgoblins
  A jackal (D:3)
  4 kobolds
  6 quokkas
  4 ball pythons
  3 frilled lizards
  8 goblins
  3 rats
156 creatures vanquished.

Vanquished Creatures (collateral kills)
  Eustachio (D:5)
  A sky beast (D:7)
  A lemure (D:5)
  3 scorpions (D:5)
  A hound (D:5)
  2 iron imps (D:5)
  3 orcs
12 creatures vanquished.

Vanquished Creatures (others)
  An orc (D:9)
1 creature vanquished.

Grand Total: 169 creatures vanquished

Notes
Turn   | Place    | Note
-------+----------+-------------------------------------------
     0 | D:1      | silky the Minotaur Chaos Knight began the quest for the
                  | Orb.
     0 | D:1      | Reached XP level 1. HP: 19/19 MP: 0/0
    28 | D:1      | XOM: silly message
    59 | D:1      | XOM: smoke on damage
   183 | D:1      | XOM: summons 1 hostile demon
   350 | D:1      | Reached skill level 4 in Maces & Flails
   365 | D:1      | Reached XP level 2. HP: 24/26 MP: 1/1
   698 | D:1      | Found Jaryppod's Book Shop.
   775 | D:1      | XOM: summons 4 hostile shadow creatures
   798 | D:1      | XOM: stat loss: -1 Int (8/9)
   856 | D:1      | XOM: stat loss: -1 Int (7/9)
  1022 | D:1      | XOM: summons 2 hostile shadow creatures
  1119 | D:2      | XOM: stat loss: -1 Int (6/9)
  1156 | D:2      | Reached XP level 3. HP: 31/33 MP: 2/2
  1916 | D:2      | Found a faded altar of an unknown god.
  1946 | D:2      | XOM: divination: detect creatures
  2070 | D:3      | Noticed Sigmund
  2071 | D:3      | XOM: 1-stop teleportation journey
  2073 | D:3      | Noticed Natasha
  2080 | D:3      | Killed Natasha
  2081 | D:3      | Reached skill level 5 in Maces & Flails
  2081 | D:3      | Reached XP level 4. HP: 36/41 MP: 3/3
  2085 | D:3      | XOM: scenery: create altars
  2094 | D:3      | Noticed Natasha
  2113 | D:3      | XOM: scenery: summon butterflies
  2115 | D:3      | HP: 2/41 [Natasha/magic dart (10)]
  2120 | D:3      | XOM: confuse monster(s)
  2122 | D:3      | Killed Natasha
  2147 | D:3      | Noticed Natasha
  2149 | D:3      | Gained mutation: You are frail. (-10% HP) [potion of
                  | mutation]
  2149 | D:3      | Gained mutation: Your magical capacity is low. (-10% MP)
                  | [potion of mutation]
  2154 | D:3      | Killed Natasha
  2155 | D:3      | Reached XP level 5. HP: 28/42 MP: 3/3
  2188 | D:3      | XOM: 3-stop teleportation journey
  2197 | D:3      | Noticed Sigmund
  2197 | D:3      | Sigmund changed into Sigmund the bullfrog
  2205 | D:3      | Killed Sigmund the bullfrog
  2392 | D:3      | Found a sacrificial altar of Ru.
  2698 | D:3      | XOM: give mutations
  2698 | D:3      | Gained mutation: Your mind is acute. (Int +2) [Xom's grace]
  2698 | D:3      | Gained mutation: You possess an exceptional clarity of
                  | mind. [Xom's grace]
  2810 | D:3      | Identified the +0 cloak of the Garden {+Inv rPois rC-
                  | Slay+6}
  2977 | D:3      | XOM: scenery: 1 doors close
  3095 | D:4      | Found a staircase to the Ecumenical Temple.
  3229 | D:4      | Found a shimmering altar of Xom.
  3278 | D:4      | Reached skill level 6 in Maces & Flails
  3278 | D:4      | Reached XP level 6. HP: 49/49 MP: 4/4
  3353 | D:4      | Found a broken altar of Ashenzari.
  3371 | D:4      | Reached skill level 5 in Fighting
  3371 | D:4      | Reached skill level 1 in Stealth
  3415 | D:4      | XOM: god gift: box of beasts
  3444 | D:4      | XOM: divination: detect items
  3751 | D:4      | Reached skill level 1 in Unarmed Combat
  3939 | D:5      | Entered Level 5 of the Dungeon
  3950 | D:5      | XOM: summons 2 friendly demons
  3951 | D:5      | Noticed Pikel
  3958 | D:5      | Noticed Blork the orc
  3959 | D:5      | Killed Pikel
  3960 | D:5      | Reached skill level 7 in Maces & Flails
  3960 | D:5      | Reached skill level 1 in Evocations
  3960 | D:5      | Reached XP level 7. HP: 42/56 MP: 5/5
  3965 | D:5      | Reached skill level 8 in Maces & Flails
  3965 | D:5      | Reached XP level 8. HP: 38/63 MP: 6/6
  3969 | D:5      | Killed Blork the orc
  4340 | D:5      | Reached skill level 5 in Armour
  4400 | D:5      | XOM: butterfly on damage
  4557 | D:5      | Reached skill level 9 in Maces & Flails
  4582 | D:5      | Noticed Eustachio
  4586 | D:5      | Killed Eustachio
  4600 | D:5      | Learned a level 3 spell: Teleport Other
  4602 | D:5      | Learned a level 1 spell: Beastly Appendage
  4715 | D:5      | Found a burning altar of Makhleb.
  4939 | D:6      | Identified the +8 long sword of Imminent Death {drain,
                  | rCorr}
  5163 | D:6      | Identified the +1 chain mail of the Cooper {rN++ Str+3}
  5193 | D:6      | Reached skill level 10 in Maces & Flails
  5193 | D:6      | Reached XP level 9. HP: 63/70 MP: 7/7
  5338 | D:6      | Reached skill level 1 in Long Blades
  5380 | D:6      | Found a glowing golden altar of the Shining One.
  5612 | D:6      | Noticed a manticore
  5743 | D:6      | Lost mutation: You possess an exceptional clarity of mind.
                  | [potion of mutation]
  5743 | D:6      | Lost mutation: You are frail. (-10% HP) [potion of
                  | mutation]
  5743 | D:6      | Gained mutation: You are somewhat resistant to further
                  | mutation. [potion of mutation]
  5863 | D:6      | XOM: 2-stop teleportation journey
  5895 | D:7      | XOM: chaos upgrade
  6050 | D:7      | Found a blossoming altar of Fedhas.
  6051 | D:7      | Found a stormy altar of Qazlal.
  6052 | D:7      | Found a shadowy altar of Dithmenos.
  6135 | D:7      | XOM: summons 5 friendly demons
  6547 | D:7      | Reached skill level 5 in Long Blades
  6711 | D:8      | XOM: summons friendly white imp
  6961 | D:8      | XOM: silly message
  6964 | D:8      | XOM: swap monsters
  6986 | D:8      | XOM: divination: detect items
  7018 | D:8      | XOM: silly message
  7259 | D:8      | Found an opulent altar of Gozag.
  7289 | D:8      | Reached XP level 10. HP: 85/90 MP: 8/8
  7291 | D:8      | Reached skill level 5 in Dodging
  7550 | D:9      | Noticed Joseph
  7565 | D:9      | XOM: silly message
  7566 | D:9      | XOM: silly message
  7568 | D:9      | Killed Joseph
  7592 | D:9      | Found Qiosym's Distillery.
  7941 | D:9      | Found a staircase to the Lair.
  7974 | D:9      | XOM: silly message
  7979 | D:9      | Noticed Maggie
  7987 | D:9      | XOM: noise
  7989 | D:9      | HP: 2/90 [Maggie/+0 war axe (4)]
  7990 | D:9      | Slain by an orc warrior

Illustrated notes

Levels and vault maps discovered:
D:1:      dpeg_arrival_stone_temple_mockup, layout_basic, serial_shops,
          nicolae_lakefront_shop, nrook_loot_triangle
D:2:      layout_loops_corners, chequers_ecumenical_altar_twisty,
          hangedman_abyss_or_decor_stabs, grunt_ministairs_4, minmay_between
D:3:      minmay_wonky_spiral, layout_rooms, mainiacjoe_overflow_24_doors,
          serial_corexii_hall, corexii_hall_statues_x,
          chequers_hall_statues_wall_a, uniq_sigmund, uniq_natasha
D:4:      layout_gridville, mainiacjoe_overflow_chevrons, tgw_xom,
          minmay_temple_entry_slanted, due_unseen_surprise
D:5:      layout_rooms, demons_altar, uniq_eustachio, uniq_pikel,
          uniq_blork_the_orc
D:6:      layout_basic, mainiacjoe_overflow_boulevard, minmay_misc_feat_plants
D:7:      layout_loops_ring, chequers_temple_overflow_statue_of_worship,
          mrwooster_statue_mirror, nrook_mini_vaults,
          nicolae_concentric_dashed_squares_wild, minmay_manual_mandibuliform
D:8:      layout_cave_pools, overflow_temple_1_default, nicolae_zen_rock_garden
D:9:      layout_roguey, mainiacjoe_overflow_brackets,
          nicolae_overflow_hidden_temple, erik_lair_island, hiddenorc2_lemuel,
          serial_shops, nicolae_shop_hallway_stairs, nicolae_figureground_pulse,
          uniq_joseph, uniq_erolcha, uniq_maggie

Skill      XL: |  1  2  3  4  5  6  7  8  9 10 |
---------------+-------------------------------+-----
Maces & Flails | 4 5 6 7 8 10 | 10.3
Fighting       | 4 6 8 |  8.9
Armour         | 3 4 6 7 8 |  8.4
Dodging        | 2 3 4 5 |  5.2
Stealth        | 1 2 |  2.6
Unarmed Combat | 1 |  1.6
Evocations     | 1 |  1.7
Long Blades    | 6 8 |  8.2

Action                   |  1- 3 |  4- 6 |  7- 9 | 10-12 || total
-------------------------+-------+-------+-------+-------++-------
Melee: Mace              |   100 |    76 |    32 |       ||   208
       Headbutt          |    13 |    13 |    27 |     5 ||    58
       Unarmed           |       |    19 |       |       ||    19
       Long sword        |       |       |    94 |    58 ||   152
       Punch             |       |       |     4 |       ||     4
Evoke: Wand              |       |     4 |     2 |       ||     6
       Box of beasts     |       |       |       |     1 ||     1
  Use: Potion            |       |    10 |     1 |     7 ||    18
       Scroll            |       |     6 |     8 |     2 ||    16
 Stab: Confused          |       |     1 |       |       ||     1
       Distracted        |       |       |     1 |       ||     1
Armor: Leather armour    |    33 |    26 |    19 |       ||    78
       Skin              |       |     1 |       |       ||     1
       Chain mail        |       |       |    89 |    67 ||   156
Dodge: Dodged            |    61 |    57 |    69 |    56 ||   243
